 Dungeon Crawl Stone Soup version 0.29.0-4-gdea44cf6ec (webtiles) character file.

Game seed: 12974366479067115235

116876 qw the Warrior (level 16, 0/238 HPs)
             Began as a Minotaur Berserker on Sept 10, 2022.
             Was a High Priest of Trog.
             Slain by a salamander
             ... wielding a +0 spear
              (4 damage)
             ... on level 2 of the Snake Pit.
             The game lasted 00:10:52 (30469 turns).

qw the Warrior (Minotaur Berserker)                Turns: 30469, Time: 00:10:52

Health: 0/238      AC: 42    Str: 29    XL:     16   Next: 21%
Magic:  12/15      EV:  9    Int:  2    God:    Trog [*****.]
Gold:   433        SH:  6    Dex: 11    Spells: 15/15 levels left

rFire   + . .      SeeInvis +   q - +3 broad axe (flame)
rCold   + + .      Faith    .   r - +0 buckler
rNeg    . . .      Spirit   .   v - +9 scales of the Dragon King {rPois rF+ rC+ Will+}
rPois   +          Reflect  .   (helmet restricted)
rElec   .          Harm     .   g - +2 cloak
rCorr   .          Rampage  .   p - +2 pair of gloves
Will    +++..                   o - +2 pair of boots
Stlth   ..........              j - amulet of the acrobat
HPRegen 0.49/turn               a - ring of protection from cold
MPRegen 0.14/turn               k - ring of see invisible

@: berserking, very quick
A: horns 2, retaliatory headbutt, dopey 1, strong-willed 1, poison resistance,
screaming 1, MP-powered wands
a: Renounce Religion, Berserk, Trog's Hand, Brothers in Arms


You were on level 2 of the Snake Pit.
You worshipped Trog.
Trog was extremely pleased with you.
You visited 4 branches of the dungeon, and saw 24 of its levels.

You collected 2239 gold pieces.
You spent 1806 gold pieces at shops.


Innate Abilities, Weirdness & Mutations

You have a pair of horns on your head.
You reflexively headbutt those who attack you in melee.
You are dopey. (Int -2)
You are strong-willed. (Will+)
Your system is resistant to poisons. (rPois)
You occasionally shout uncontrollably at your foes.
You expend magic power (3 MP) to strengthen your wands.


   Skills:
 - Level 18.5 Fighting
 - Level 18.1 Axes
 - Level 8.8 Throwing
 + Level 17.7 Armour
 - Level 8.0 Dodging
 - Level 11.0 Shields


You had 15 spell levels left.
You didn't know any spells.
Your spell library was empty.

Inventory:

Hand Weapons
 q - a +3 broad axe of flaming (weapon)
Missiles
 b - 47 boomerangs
 B - a silver boomerang (quivered)
 F - 3 boomerangs of dispersal
Armour
 g - a +2 cloak (worn)
 o - a +2 pair of boots (worn)
 p - a +2 pair of gloves (worn)
 r - a +0 buckler (worn)
 v - the +9 scales of the Dragon King (worn) {rPois rF+ rC+ Will+}
   (You found it on level 1 of the Snake Pit)

   rF:        It protects you from fire.
   rC:        It protects you from cold.
   rPois:     It protects you from poison.
   Will:      It increases your willpower.
Jewellery
 a - a ring of protection from cold (left hand)
 j - an amulet of the acrobat (around neck)
 k - a ring of see invisible (right hand)
 l - a ring of resist corrosion
 n - a ring of protection from cold
 u - a ring of willpower
 x - the ring of Ixuman {rPois Str+4 Dex-4 Stlth+}
   (You found it on level 5 of the Lair of Beasts)

   [ring of poison resistance]

   Str:       It affects your strength (+4).
   Dex:       It affects your dexterity (-4).
   rPois:     It protects you from poison.
   Stlth:     It makes you more stealthy.
 A - an amulet of guardian spirit
 Y - a ring of willpower
Wands
 c - a wand of digging (1)
Scrolls
 h - 10 scrolls of identify
 s - 9 scrolls of teleportation
Potions
 d - a potion of resistance
 e - 2 potions of mutation
 f - 8 potions of curing
 i - 4 potions of might
 m - 5 potions of cancellation
 t - 5 potions of heal wounds
 w - 2 potions of haste

Dungeon Overview and Level Annotations

Branches:
Dungeon (15/15)            Temple (0/1) D:4            Lair (5/5) D:11
 Shoals (0/4) Lair:3        Snake (2/4) Lair:2        Slime (0/5) Lair:4
    Orc (2/2) D:11            Elf (0/3) Orc:2        Vaults (0/5) D:13
 Depths (0/4) D:15

Altars:
Elyvilon
Fedhas
Makhleb
Qazlal
Ru
Sif Muna
Vehumet
Yredelemnul
Zin
Jiyva

Shops:
D:2 (   D:5 :*   D:7 *   D:9 (   D:10 [   D:15 *   Orc:2 ?[([

Portals:
Trove: D:12 (give +6 demon blade)

Annotations:
D:3 2 runed translucent doors
D:6 3 runed translucent doors, qw's ghost, novice DsCA
Lair:3 3 runed translucent doors, qw's ghost, journeyman DsCA


Message History

The naga warrior blocks your attack.
You headbutt the naga warrior.
The naga warrior is heavily wounded.
You slice the mana viper!! You burn the mana viper.
The naga warrior blocks your attack.
The naga warrior is heavily wounded.
You slice the mana viper!! You burn the mana viper! The mana viper bites you.
You feel your power leaking away. The naga warrior spits poison at you.
You block the splash of poison. The naga warrior constricts you.
The salamander hits you but does no damage.
You slice the naga warrior like a ripe choko!!!
You burn the naga warrior!!
You kill the naga warrior!
Trog accepts your kill.
You slash the mana viper! You burn the mana viper.
You kill the mana viper!
Trog accepts your kill. The naga barely misses you.
The naga closely misses you. You block the salamander's attack.
Things that are here:
a +0 war axe; a shock serpent corpse; a naga corpse You slash the naga!
You burn the naga.
You kill the naga!
Trog accepts your kill.
You slash the salamander! You slash the naga! You burn the naga.
You hit the salamander. You headbutt the salamander.
The salamander is moderately wounded.
You slice the naga!! You burn the naga.
You feel the power of Trog in you as your rage grows.
You kill the naga!
Trog accepts your kill.
The salamander hits you but does no damage.
You slice the salamander!! Your headbutt misses the salamander.
The salamander is severely wounded.
You barely miss the salamander. Your headbutt misses the salamander.
The salamander is severely wounded.
The salamander hits you with a +0 spear.
You are engulfed in flames.
You resist.
You die...

########................
# #.................
#######................
......%............##.
####..)#...#....)..#
#...#...##...#..#
#...######...##.## #####
#...#)..# #.%)@)..#
#...##N...... #...#.
#...... #.##.. .....# #.
#.. ....# . #.. ..#..
##. .# # ##


You could see a salamander (strong).

Vanquished Creatures
  Frances (D:14)
  An orc warlord (Orc:2)
  5 boulder beetles
  9 hydras
  7 centaur warriors
  3 naga warriors
  A death knight (D:15)
  3 two-headed ogres
  2 anacondas
  A tengu warrior (D:15)
  A shock serpent (Snake:2)
  15 death yaks
  Urug (D:13)
  3 orc high priests (Orc:2)
  A goliath frog (Lair:5)
  8 skeletal warriors
  A naga ritualist (Snake:2)
  A necromancer (D:15)
  A wizard (D:14)
  4 deep elf pyromancers (D:15)
  4 mana vipers (Snake:2)
  An orc knight (Orc:2)
  5 orc sorcerers
  10 ugly things
  A wolf spider (D:15)
  9 cyclopes
  3 manticores
  2 salamanders
  A guardian serpent (D:12)
  A centaur zombie (D:15)
  4 gargoyles
  4 naga magi
  2 torpor snails (Lair:5)
  8 black mambas
  21 cane toads
  An unseen horror (D:11)
  A centaur skeleton (D:15)
  10 komodo dragons
  7 rime drakes
  Maggie (D:8)
  A yaktaur (shapeshifter) (D:15)
  2 kobold demonologists (D:11)
  2 efreet
  A queen bee (shapeshifter) (D:15)
  9 trolls
  4 tyrant leeches (Lair:5)
  5 polar bears
  2 hornets (D:9)
  22 blink frogs
  10 slime creatures
  A wind drake (Lair:3)
  5 dream sheep (Lair:4)
  2 shadows
  5 wyverns
  A yak (shapeshifter) (D:15)
  3 vampires
  A wraith (D:10)
  A basilisk (Lair:5)
  16 humans (D:13)
  51 yaks
  11 vampire mosquitoes
  Grum (D:8)
  2 steam dragons (D:10)
  14 nagas
  6 wargs
  2 acid dragons
  12 water moccasins
  40 orc warriors
  4 sky beasts
  3 black bears
  3 ice beasts
  3 ogres
  3 boggarts (Lair:3)
  12 centaurs
  8 wolves
  A phantom (D:5)
  2 kobold brigands
  16 bullfrogs
  10 gnoll sergeants
  4 scorpions
  9 wights
  12 howler monkeys
  2 electric eels (D:8)
  17 orc priests
  8 hounds
  6 jellies
  Natasha (D:2)
  3 gnoll boudas
  5 iguanas
  23 orc wizards
  A boggart skeleton (D:15)
  59 gnolls
  8 adders
  A river rat (D:11)
  4 shadow imps
  8 white imps
  3 ufetubi
  2 adder zombies (D:4)
  A worm (D:3)
  4 dart slugs
  104 orcs
  2 bats
  5 endoplasms
  2 giant cockroaches
  13 goblins
  5 hobgoblins
  5 jackals (D:8)
  5 quokkas
  7 ball pythons
  4 frilled lizards
  17 kobolds
  7 rats
819 creatures vanquished.

Vanquished Creatures (collateral kills)
  An orc warlord (Orc:2)
  3 death yaks (Lair:3)
  An orc high priest (Orc:2)
  Sonja (D:11)
  3 yaks (Lair:5)
  2 orc warriors (Orc:2)
  A boggart (Lair:3)
  A killer bee (Orc:2)
  2 orcs (Orc:2)
15 creatures vanquished.

Vanquished Creatures (others)
  A gnoll sergeant (D:8)
  An orc wizard (Orc:2)
  2 ufetubi (D:4)
  An orc zombie (Orc:1)
  An orc (Orc:2)
  An endoplasm (D:4)
  A gnoll zombie (Orc:1)
  A bush (Lair:5)
  5 demonic plants (D:4)
  29 fungi
  80 plants
123 creatures vanquished.

Grand Total: 957 creatures vanquished

Notes
Turn   | Place    | Note
-------+----------+-------------------------------------------
     0 | D:1      | qw the Minotaur Berserker began the quest for the Orb.
     0 | D:1      | Reached XP level 1. HP: 19/19 MP: 0/0
     0 | D:1      | 0 ||| qw: Version: 0.1-a-116-g5d60599
     0 | D:1      | 0 ||| qw: Game counter: 7497
     0 | D:1      | 0 ||| qw: Always use a shield: true
     0 | D:1      | 0 ||| qw: Do Orc after D:15 true
     0 | D:1      | 0 ||| qw: Do second Lair branch before Depths: true
     0 | D:1      | 0 ||| qw: Lair rune preference: random
     0 | D:1      | 0 ||| qw: Plans: Normal
     0 | D:1      | 0 ||| PLANNING D:1-11
   187 | D:1      | Reached XP level 2. HP: 26/26 MP: 1/1
   421 | D:1      | 421 ||| Stepping ~*~*~tactically~*~*~ (hiding).
   422 | D:1      | 422 ||| Stepping ~*~*~tactically~*~*~ (hiding).
   627 | D:1      | Found a faded altar of an unknown god.
   763 | D:1      | 763 ||| UPGRADING to +0 cloak.
   768 | D:1      | 768 ||| UPGRADING to +0 plate armour.
   778 | D:1      | 778 ||| DROPPING +0 animal skin.
   779 | D:1      | 779 ||| UPGRADING to amulet of the acrobat.
   784 | D:1      | 784 ||| READING scroll labelled YCWEIM ZOCU.
   785 | D:1      | 785 ||| READING scroll labelled GUMIASHR FYDUI.
   786 | D:1      | 786 ||| READING 2 scrolls labelled MAGIVO ZITELAU.
   791 | D:1      | 791 ||| READING scroll labelled WOUDOVY PEKH.
   792 | D:1      | 792 ||| DRINKING 2 fuming grey potions.
   872 | D:2      | Found Gataroles's Weapon Boutique.
   884 | D:2      | 884 ||| Stepping ~*~*~tactically~*~*~ (stealth).
   891 | D:2      | Reached XP level 3. HP: 27/31 MP: 2/2
   933 | D:2      | 933 ||| BUYING +0 flail (42 gold).
   933 | D:2      | Bought a +0 flail for 42 gold pieces
   933 | D:2      | 933 ||| SHOPLISTING +8 mace of Mykoqir {protect, Dex+6}
                  | (758 gold, have 23).
   933 | D:2      | 933 ||| DROPPING +0 whip.
  1055 | D:2      | Reached ** piety under Trog
  1205 | D:2      | Noticed Natasha
  1206 | D:2      | 1206 ||| INVOKING Berserk.
  1211 | D:2      | Killed Natasha
  1212 | D:2      | Reached skill level 6 in Axes
  1212 | D:2      | Reached XP level 4. HP: 39/39 MP: 3/3
  1389 | D:2      | 1389 ||| UPGRADING to +2 pair of boots.
  1394 | D:2      | 1394 ||| READING scroll labelled POICIKL YGICYCS.
  1395 | D:2      | 1395 ||| READING scroll labelled KET EHUPSYOGIO.
  1396 | D:2      | 1396 ||| DRINKING 2 ruby potions.
  1397 | D:2      | 1397 ||| DRINKING 3 inky potions.
  1554 | D:3      | 1554 ||| Stepping ~*~*~tactically~*~*~ (hiding).
  1564 | D:3      | Reached skill level 3 in Armour
  1688 | D:3      | 1688 ||| Stepping ~*~*~tactically~*~*~ (stealth).
  1705 | D:3      | Found a large runed translucent door.
  1705 | D:3      | Found a large runed translucent door.
  1906 | D:3      | 1906 ||| INVOKING Berserk.
  2045 | D:3      | 2045 ||| INVOKING Berserk.
  2053 | D:3      | Reached XP level 5. HP: 45/45 MP: 4/4
  2386 | D:3      | 2386 ||| UPGRADING to +0 pair of gloves.
  2391 | D:3      | 2391 ||| READING scroll labelled QYNGOA HAOHU.
  2392 | D:3      | 2392 ||| DRINKING 2 murky silvery potions.
  2442 | D:3      | 2442 ||| READING 2 scrolls of identify.
  2442 | D:3      | 2442 ||| IDENTIFYING fuming silvery potion
  2443 | D:3      | 2443 ||| DROPPING potion of attraction.
  2444 | D:3      | 2444 ||| DROPPING potion of lignification.
  2465 | D:4      | 2465 ||| STAIRDANCE
  2593 | D:4      | Noticed an ogre
  2594 | D:4      | 2594 ||| Stepping ~*~*~tactically~*~*~ (stealth).
  2596 | D:4      | 2596 ||| Stepping ~*~*~tactically~*~*~ (stealth).
  2599 | D:4      | 2599 ||| INVOKING Berserk.
  2602 | D:4      | Killed an ogre
  2728 | D:4      | 2728 ||| Stepping ~*~*~tactically~*~*~ (stealth).
  2737 | D:4      | 2737 ||| Stepping ~*~*~tactically~*~*~ (stealth).
  2740 | D:4      | 2740 ||| FLEEEEING.
  2741 | D:4      | 2741 ||| FLEEEEING.
  2742 | D:4      | 2742 ||| FLEEEEING.
  2743 | D:4      | 2743 ||| FLEEEEING.
  2744 | D:4      | 2744 ||| FLEEEEING.
  2745 | D:4      | 2745 ||| FLEEEEING.
  2746 | D:4      | 2746 ||| FLEEEEING.
  2747 | D:4      | 2747 ||| FLEEEEING.
  2748 | D:4      | 2748 ||| FLEEEEING.
  2749 | D:4      | 2749 ||| FLEEEEING.
  2750 | D:4      | 2750 ||| FLEEEEING.
  2751 | D:4      | 2751 ||| FLEEEEING.
  2755 | D:4      | Reached XP level 6. HP: 49/56 MP: 5/5
  2797 | D:4      | 2797 ||| INVOKING Berserk.
  2854 | D:4      | 2854 ||| Stepping ~*~*~tactically~*~*~ (stealth).
  2855 | D:4      | 2855 ||| Stepping ~*~*~tactically~*~*~ (stealth).
  2863 | D:4      | 2863 ||| Stepping ~*~*~tactically~*~*~ (stealth).
  2883 | D:4      | 2883 ||| SWAPPING to +0 war axe.
  2889 | D:4      | 2889 ||| DROPPING +0 hand axe.
  2937 | D:4      | 2937 ||| Stepping ~*~*~tactically~*~*~ (stealth).
  2939 | D:4      | 2939 ||| Stepping ~*~*~tactically~*~*~ (hiding).
  3051 | D:4      | 3051 ||| Stepping ~*~*~tactically~*~*~ (stealth).
  3084 | D:4      | 3084 ||| Stepping ~*~*~tactically~*~*~ (hiding).
  3231 | D:4      | Found a glowing silver altar of Zin.
  3231 | D:4      | Noticed an angel
  3253 | D:4      | 3253 ||| Stepping ~*~*~tactically~*~*~ (hiding).
  3559 | D:4      | 3559 ||| Stepping ~*~*~tactically~*~*~ (hiding).
  3674 | D:4      | 3674 ||| INVOKING Berserk.
  3808 | D:4      | Found a staircase to the Ecumenical Temple.
  3916 | D:4      | Found a basalt altar of Yredelemnul.
  4006 | D:4      | 4006 ||| DRINKING 2 fizzy black potions.
  4006 | D:4      | Gained mutation: You are dopey. (Int -2) [potion of
                  | mutation]
  4006 | D:4      | Gained mutation: You expend magic power (3 MP) to
                  | strengthen your wands. [potion of mutation]
  4006 | D:4      | Gained mutation: You are strong-willed. (Will+) [potion of
                  | mutation]
  4006 | D:4      | Gained mutation: Your system is resistant to poisons.
                  | (rPois) [potion of mutation]
  4007 | D:4      | 4007 ||| READING scroll of teleportation.
  4124 | D:5      | Entered Level 5 of the Dungeon
  4131 | D:5      | Reached XP level 7. HP: 54/61 MP: 6/6
  4131 | D:5      | 4131 ||| STAIRDANCE
  4258 | D:5      | Found Foushruno's Book Boutique.
  4444 | D:5      | Found Ocink's CLEARANCE SALE!.
  4451 | D:5      | 4451 ||| BUYING potion of heal wounds (25 gold).
  4451 | D:5      | Bought a potion of heal wounds for 25 gold pieces
  4451 | D:5      | 4451 ||| BUYING scroll of enchant armour (37 gold).
  4451 | D:5      | Bought a scroll of enchant armour for 37 gold pieces
  4451 | D:5      | 4451 ||| READING scroll of enchant armour.
  4451 | D:5      | 4451 ||| ENCHANTING +0 pair of gloves.
  4458 | D:5      | Found a sacrificial altar of Ru.
  4539 | D:5      | Reached skill level 9 in Axes
  4587 | D:5      | Found a radiant altar of Vehumet.
  4694 | D:5      | Reached *** piety under Trog
  4809 | D:5      | 4809 ||| Stepping ~*~*~tactically~*~*~ (hiding).
  4903 | D:5      | 4903 ||| Stepping ~*~*~tactically~*~*~ (hiding).
  5155 | D:5      | 5155 ||| DROPPING amulet of faith.
  5156 | D:5      | 5156 ||| READING scroll labelled BUTITUIGAF.
  5176 | D:6      | 5176 ||| STAIRDANCE
  5179 | D:5      | Reached XP level 8. HP: 68/68 MP: 7/7
  5181 | D:6      | 5181 ||| STAIRDANCE
  5258 | D:6      | 5258 ||| INVOKING Berserk.
  5442 | D:6      | Reached skill level 6 in Fighting
  5465 | D:6      | Found a blossoming altar of Fedhas.
  5510 | D:6      | 5510 ||| Stepping ~*~*~tactically~*~*~ (hiding).
  5521 | D:6      | 5521 ||| Stepping ~*~*~tactically~*~*~ (hiding).
  5522 | D:6      | 5522 ||| INVOKING Berserk.
  5736 | D:6      | 5736 ||| Stepping ~*~*~tactically~*~*~ (hiding).
  5743 | D:6      | 5743 ||| INVOKING Berserk.
  5930 | D:6      | 5930 ||| Stepping ~*~*~tactically~*~*~ (stealth).
  5943 | D:6      | 5943 ||| Stepping ~*~*~tactically~*~*~ (stealth).
  5946 | D:6      | Reached skill level 6 in Armour
  5970 | D:6      | Reached skill level 12 in Axes
  6085 | D:6      | Found a runed translucent gate.
  6086 | D:6      | Found a runed translucent gate.
  6089 | D:6      | Found a runed translucent gate.
  6089 | D:6      | Noticed qw's ghost (novice DsCA)
  6090 | D:6      | Identified the +4 plate armour of Moral Flaws {rElec rN+
                  | Int-3}
  6272 | D:6      | 6272 ||| READING scroll labelled JAGING QIROE.
  6482 | D:7      | 6482 ||| Stepping ~*~*~tactically~*~*~ (stealth).
  6484 | D:7      | 6484 ||| Stepping ~*~*~tactically~*~*~ (hiding).
  6485 | D:7      | 6485 ||| Stepping ~*~*~tactically~*~*~ (stealth).
  6489 | D:7      | 6489 ||| INVOKING Berserk.
  6495 | D:7      | Reached XP level 9. HP: 78/78 MP: 8/8
  6610 | D:7      | Reached skill level 1 in Throwing
  6643 | D:7      | 6643 ||| Stepping ~*~*~tactically~*~*~ (hiding).
  6691 | D:7      | Reached **** piety under Trog
  6695 | D:7      | 6695 ||| INVOKING Berserk.
  6730 | D:7      | 6730 ||| Stepping ~*~*~tactically~*~*~ (stealth).
  6966 | D:7      | 6966 ||| INVOKING Berserk.
  7302 | D:7      | 7302 ||| DRINKING 2 dark potions.
  7303 | D:7      | 7303 ||| READING 2 scrolls of identify.
  7303 | D:7      | 7303 ||| IDENTIFYING murky black potion
  7304 | D:7      | 7304 ||| DROPPING potion of flight.
  7339 | D:8      | 7339 ||| STAIRDANCE
  7407 | D:8      | Found a flagged portal.
  7450 | D:8      | 7450 ||| Stepping ~*~*~tactically~*~*~ (stealth).
  7452 | D:8      | 7452 ||| Stepping ~*~*~tactically~*~*~ (stealth).
  7462 | D:8      | Noticed a gargoyle
  7466 | D:8      | 7466 ||| Stepping ~*~*~tactically~*~*~ (hiding).
  7467 | D:8      | 7467 ||| Stepping ~*~*~tactically~*~*~ (hiding).
  7475 | D:8      | 7475 ||| INVOKING Berserk.
  7477 | D:8      | HP: 24/121 [gargoyle/stone arrow (11)]
  7478 | D:8      | Killed a gargoyle
  7706 | D:8      | 7706 ||| Stepping ~*~*~tactically~*~*~ (stealth).
  7755 | D:8      | 7755 ||| DROPPING +0 flail.
  7769 | D:8      | 7769 ||| Stepping ~*~*~tactically~*~*~ (stealth).
  7817 | D:8      | 7817 ||| Stepping ~*~*~tactically~*~*~ (stealth).
  7818 | D:8      | 7818 ||| Stepping ~*~*~tactically~*~*~ (stealth).
  7873 | D:8      | Found a shimmering blue altar of Sif Muna.
  7894 | D:8      | Noticed Grum
  7898 | D:8      | 7898 ||| INVOKING Berserk.
  7902 | D:8      | Killed Grum
  7923 | D:8      | 7923 ||| Stepping ~*~*~tactically~*~*~ (stealth).
  7932 | D:8      | 7932 ||| FLEEEEING.
  7933 | D:8      | 7933 ||| FLEEEEING.
  7934 | D:8      | 7934 ||| FLEEEEING.
  7935 | D:8      | 7935 ||| FLEEEEING.
  7936 | D:8      | 7936 ||| FLEEEEING.
  7937 | D:8      | 7937 ||| FLEEEEING.
  7938 | D:8      | 7938 ||| FLEEEEING.
  7939 | D:8      | 7939 ||| FLEEEEING.
  7940 | D:8      | 7940 ||| FLEEEEING.
  7952 | D:8      | 7952 ||| Stepping ~*~*~tactically~*~*~ (stealth).
  7954 | D:8      | 7954 ||| Stepping ~*~*~tactically~*~*~ (stealth).
  7959 | D:8      | Reached XP level 10. HP: 88/88 MP: 9/9
  7962 | D:8      | 7962 ||| FLEEEEING.
  7963 | D:8      | 7963 ||| FLEEEEING.
  7982 | D:8      | 7982 ||| INVOKING Berserk.
  7988 | D:8      | 7988 ||| FLEEEEING.
  7989 | D:8      | 7989 ||| FLEEEEING.
  7990 | D:8      | 7990 ||| FLEEEEING.
  7991 | D:8      | 7991 ||| FLEEEEING.
  7992 | D:8      | 7992 ||| FLEEEEING.
  7993 | D:8      | 7993 ||| FLEEEEING.
  8125 | D:8      | 8125 ||| INVOKING Berserk.
  8140 | D:8      | HP: 19/88 [gnoll sergeant/+0 trident (10)]
  8141 | D:8      | 8141 ||| READING 4 scrolls of teleportation.
  8141 | D:8      | HP: 4/88 [gnoll sergeant/+0 trident (7)]
  8142 | D:8      | 8142 ||| DRINKING 2 potions of heal wounds.
  8436 | D:8      | 8436 ||| INVOKING Berserk.
  8441 | D:8      | 8441 ||| FLEEEEING.
  8442 | D:8      | 8442 ||| FLEEEEING.
  8443 | D:8      | 8443 ||| FLEEEEING.
  8444 | D:8      | 8444 ||| FLEEEEING.
  8445 | D:8      | 8445 ||| FLEEEEING.
  8446 | D:8      | 8446 ||| FLEEEEING.
  8653 | D:8      | Noticed Maggie
  8654 | D:8      | 8654 ||| Stepping ~*~*~tactically~*~*~ (hiding).
  8668 | D:8      | Killed Maggie
  8791 | D:8      | 8791 ||| SWAPPING to +0 broad axe of flaming.
  8792 | D:8      | 8792 ||| DROPPING +0 morningstar.
  8793 | D:8      | 8793 ||| DROPPING +0 war axe.
  8838 | D:8      | 8838 ||| INVOKING Berserk.
  8853 | D:8      | HP: 21/88 [gnoll sergeant/+0 trident (4)]
  8854 | D:8      | 8854 ||| READING 3 scrolls of teleportation.
  8855 | D:8      | 8855 ||| DRINKING potion of heal wounds.
  9116 | D:8      | 9116 ||| Stepping ~*~*~tactically~*~*~ (stealth).
  9123 | D:8      | 9123 ||| INVOKING Berserk.
  9133 | D:8      | 9133 ||| FLEEEEING.
  9134 | D:8      | 9134 ||| FLEEEEING.
  9135 | D:8      | 9135 ||| FLEEEEING.
  9136 | D:8      | 9136 ||| FLEEEEING.
  9137 | D:8      | 9137 ||| FLEEEEING.
  9138 | D:8      | 9138 ||| FLEEEEING.
  9139 | D:8      | 9139 ||| STAIRDANCE
  9246 | D:7      | 9246 ||| UPGRADING to ring of willpower.
  9247 | D:7      | 9247 ||| READING scroll labelled ZACINKIEQA.
  9248 | D:7      | 9248 ||| READING scroll labelled YBLILA ONOPOSK.
  9349 | D:7      | 9349 ||| READING 2 scrolls of identify.
  9349 | D:7      | 9349 ||| IDENTIFYING viscous cyan potion
  9350 | D:7      | 9350 ||| DROPPING potion of degeneration.
  9374 | D:8      | 9374 ||| Stepping ~*~*~tactically~*~*~ (stealth).
  9537 | D:8      | Reached skill level 15 in Axes
  9545 | D:8      | 9545 ||| Stepping ~*~*~tactically~*~*~ (stealth).
  9556 | D:8      | 9556 ||| Stepping ~*~*~tactically~*~*~ (stealth).
  9557 | D:8      | 9557 ||| Stepping ~*~*~tactically~*~*~ (stealth).
  9605 | D:8      | 9605 ||| Stepping ~*~*~tactically~*~*~ (hiding).
  9606 | D:8      | 9606 ||| Stepping ~*~*~tactically~*~*~ (hiding).
  9608 | D:8      | 9608 ||| INVOKING Berserk.
  9810 | D:8      | 9810 ||| Stepping ~*~*~tactically~*~*~ (hiding).
  9942 | D:8      | 9942 ||| READING 2 scrolls of identify.
  9942 | D:8      | 9942 ||| IDENTIFYING orange potion
  9943 | D:8      | 9943 ||| DROPPING potion of brilliance.
  9973 | D:7      | Found Fantis's Assorted Antiques.
  9997 | D:7      | 9997 ||| BUYING scroll of enchant armour (240 gold).
  9997 | D:7      | Bought a scroll of enchant armour for 240 gold pieces
  9997 | D:7      | 9997 ||| READING scroll of enchant armour.
  9997 | D:7      | 9997 ||| ENCHANTING +1 pair of gloves.
 10040 | D:7      | 10040 ||| Stepping ~*~*~tactically~*~*~ (stealth).
 10048 | D:7      | Reached skill level 9 in Fighting
 10062 | D:7      | 10062 ||| Stepping ~*~*~tactically~*~*~ (stealth).
 10067 | D:7      | 10067 ||| Stepping ~*~*~tactically~*~*~ (stealth).
 10148 | D:9      | 10148 ||| INVOKING Berserk.
 10428 | D:9      | Reached ***** piety under Trog
 10457 | D:9      | Found a white marble altar of Elyvilon.
 10480 | D:9      | 10480 ||| READING scroll of enchant armour.
 10480 | D:9      | 10480 ||| ENCHANTING +0 cloak.
 10536 | D:9      | Found Nokeipyst's Weapon Emporium.
 10581 | D:9      | 10581 ||| Stepping ~*~*~tactically~*~*~ (hiding).
 10805 | D:9      | 10805 ||| Stepping ~*~*~tactically~*~*~ (stealth).
 10820 | D:9      | Reached skill level 9 in Armour
 10882 | D:9      | Identified the +2 sling of Sunlight {freeze, Will+ Str+7}
 10953 | D:9      | 10953 ||| INVOKING Berserk.
 10955 | D:9      | Reached skill level 3 in Dodging
 10955 | D:9      | Reached XP level 11. HP: 46/97 MP: 10/10
 11318 | D:9      | 11318 ||| Stepping ~*~*~tactically~*~*~ (hiding).
 11703 | D:9      | 11703 ||| DROPPING ring of magical power.
 11704 | D:9      | 11704 ||| READING 2 scrolls of identify.
 11704 | D:9      | 11704 ||| IDENTIFYING fuming puce potion
 11705 | D:9      | 11705 ||| DROPPING potion of ambrosia.
 11778 | D:10     | Entered Level 10 of the Dungeon
 11916 | D:10     | 11916 ||| Stepping ~*~*~tactically~*~*~ (stealth).
 11918 | D:10     | 11918 ||| Stepping ~*~*~tactically~*~*~ (stealth).
 11919 | D:10     | 11919 ||| Stepping ~*~*~tactically~*~*~ (stealth).
 12006 | D:10     | 12006 ||| STAIRDANCE
 12099 | D:10     | 12099 ||| INVOKING Berserk.
 12110 | D:10     | 12110 ||| STAIRDANCE
 12221 | D:10     | 12221 ||| STAIRDANCE
 12673 | D:10     | 12673 ||| Stepping ~*~*~tactically~*~*~ (cloud).
 12675 | D:10     | 12675 ||| INVOKING Berserk.
 12756 | D:10     | Found Laofuj's Superior Scales.
 12761 | D:10     | 12761 ||| SHOPLISTING +6 scale mail of Fanaticism {rElec
                  | Str+6} (727 gold, have 275).
 12816 | D:10     | Found a burning altar of Makhleb.
 13078 | D:10     | Found a stormy altar of Qazlal.
 13234 | D:10     | 13234 ||| READING scroll of enchant armour.
 13234 | D:10     | 13234 ||| ENCHANTING +1 cloak.
 13330 | D:10     | 13330 ||| UPGRADING to ring of see invisible.
 13425 | D:11     | Identified the +0 robe "Culijoul" {rElec rPois}
 13485 | D:11     | Noticed Sonja
 13494 | D:11     | 13494 ||| INVOKING Brothers in Arms.
 13506 | D:11     | 13506 ||| INVOKING Brothers in Arms.
 13507 | D:11     | 13507 ||| INVOKING Brothers in Arms.
 13508 | D:11     | 13508 ||| INVOKING Brothers in Arms.
 13509 | D:11     | 13509 ||| INVOKING Brothers in Arms.
 13510 | D:11     | 13510 ||| INVOKING Brothers in Arms.
 13511 | D:11     | 13511 ||| INVOKING Brothers in Arms.
 13518 | D:11     | 13518 ||| INVOKING Berserk.
 13524 | D:11     | Killed Sonja
 13799 | D:11     | Noticed a death yak
 13801 | D:11     | Noticed a death yak
 13801 | D:11     | Noticed a death yak
 13802 | D:11     | 13802 ||| Stepping ~*~*~tactically~*~*~ (stealth).
 13803 | D:11     | 13803 ||| Stepping ~*~*~tactically~*~*~ (stealth).
 13804 | D:11     | 13804 ||| INVOKING Berserk.
 13808 | D:11     | Killed a death yak
 13812 | D:11     | Killed a death yak
 13813 | D:11     | Found a staircase to the Lair.
 13816 | D:11     | Killed a death yak
 13817 | D:11     | Reached skill level 18 in Axes
 13992 | D:11     | Found a staircase to the Orcish Mines.
 13993 | D:11     | 13993 ||| INVOKING Berserk.
 14123 | D:11     | 14123 ||| Stepping ~*~*~tactically~*~*~ (stealth).
 14126 | D:11     | 14126 ||| Stepping ~*~*~tactically~*~*~ (stealth).
 14386 | D:11     | 14386 ||| INVOKING Berserk.
 14586 | D:11     | 14586 ||| INVOKING Berserk.
 14793 | D:11     | 14793 ||| Stepping ~*~*~tactically~*~*~ (hiding).
 14794 | D:11     | 14794 ||| Stepping ~*~*~tactically~*~*~ (hiding).
 14856 | D:11     | 14856 ||| PLANNING LAIR
 14856 | D:11     | 14856 ||| UPGRADING to +0 buckler.
 14861 | D:11     | 14861 ||| READING scroll labelled ULLYDWAKUN.
 14888 | Lair:1   | Entered Level 1 of the Lair of Beasts
 14903 | Lair:1   | 14903 ||| INVOKING Berserk.
 14905 | Lair:1   | Reached skill level 1 in Shields
 14905 | Lair:1   | Reached XP level 12. HP: 110/110 MP: 11/11
 15025 | Lair:1   | Noticed a death yak
 15025 | Lair:1   | Noticed a death yak
 15026 | Lair:1   | 15026 ||| Stepping ~*~*~tactically~*~*~ (stealth).
 15027 | Lair:1   | Noticed a death yak
 15027 | Lair:1   | Noticed a death yak
 15028 | Lair:1   | 15028 ||| Stepping ~*~*~tactically~*~*~ (stealth).
 15029 | Lair:1   | 15029 ||| INVOKING Brothers in Arms.
 15029 | Lair:1   | Noticed a death yak
 15030 | Lair:1   | 15030 ||| Stepping ~*~*~tactically~*~*~ (stealth).
 15031 | Lair:1   | 15031 ||| INVOKING Brothers in Arms.
 15032 | Lair:1   | 15032 ||| INVOKING Brothers in Arms.
 15033 | Lair:1   | 15033 ||| INVOKING Brothers in Arms.
 15034 | Lair:1   | 15034 ||| INVOKING Berserk.
 15036 | Lair:1   | Killed a death yak
 15037 | Lair:1   | Reached skill level 3 in Shields
 15038 | Lair:1   | Noticed a death yak
 15043 | Lair:1   | Killed a death yak
 15048 | Lair:1   | Killed a death yak
 15050 | Lair:1   | Killed a death yak
 15051 | Lair:1   | Reached skill level 6 in Shields
 15051 | Lair:1   | Killed a death yak
 15055 | Lair:1   | Killed a death yak
 15215 | Lair:1   | 15215 ||| INVOKING Berserk.
 15341 | Lair:1   | Noticed a six-headed hydra
 15342 | Lair:1   | 15342 ||| Stepping ~*~*~tactically~*~*~ (stealth).
 15419 | Lair:1   | 15419 ||| INVOKING Berserk.
 15481 | Lair:1   | Identified the +0 robe of Tutenyho {*Slow rElec Int+2}
 15550 | Lair:1   | 15550 ||| Stepping ~*~*~tactically~*~*~ (stealth).
 15712 | Lair:1   | 15712 ||| Stepping ~*~*~tactically~*~*~ (stealth).
 15720 | Lair:1   | 15720 ||| INVOKING Berserk.
 15728 | Lair:1   | Reached skill level 12 in Fighting
 15731 | Lair:1   | Killed a three-headed hydra
 16118 | Lair:2   | 16118 ||| Stepping ~*~*~tactically~*~*~ (stealth).
 16119 | Lair:2   | Found a staircase to the Snake Pit.
 16120 | Lair:2   | 16120 ||| INVOKING Berserk.
 16131 | Lair:2   | Reached skill level 12 in Armour
 16219 | Lair:2   | 16219 ||| Stepping ~*~*~tactically~*~*~ (stealth).
 16242 | Lair:2   | Noticed an eight-headed hydra
 16247 | Lair:2   | 16247 ||| INVOKING Berserk.
 16251 | Lair:2   | Killed a six-headed hydra
 16376 | Lair:2   | 16376 ||| Stepping ~*~*~tactically~*~*~ (stealth).
 16396 | Lair:2   | Reached XP level 13. HP: 119/119 MP: 12/12
 16408 | Lair:2   | 16408 ||| INVOKING Berserk.
 16991 | Lair:2   | 16991 ||| INVOKING Berserk.
 17265 | Lair:2   | 17265 ||| UPGRADING to ring of protection from cold.
 17267 | Lair:2   | 17267 ||| READING scroll labelled CAOSMO AXKA.
 17288 | Lair:3   | 17288 ||| Stepping ~*~*~tactically~*~*~ (stealth).
 17290 | Lair:3   | 17290 ||| Stepping ~*~*~tactically~*~*~ (stealth).
 17299 | Lair:3   | 17299 ||| Stepping ~*~*~tactically~*~*~ (stealth).
 17347 | Lair:3   | Reached skill level 3 in Throwing
 17508 | Lair:3   | 17508 ||| INVOKING Berserk.
 17635 | Lair:3   | 17635 ||| INVOKING Brothers in Arms.
 17638 | Lair:3   | 17638 ||| INVOKING Berserk.
 17641 | Lair:3   | Reached skill level 9 in Shields
 17845 | Lair:3   | Found a runed translucent gate.
 17845 | Lair:3   | Found a runed translucent gate.
 17846 | Lair:3   | Found a runed translucent gate.
 17847 | Lair:3   | Noticed qw's ghost (journeyman DsCA)
 18093 | Lair:3   | 18093 ||| INVOKING Berserk.
 18103 | Lair:3   | 18103 ||| INVOKING Brothers in Arms.
 18209 | Lair:3   | 18209 ||| INVOKING Brothers in Arms.
 18210 | Lair:3   | 18210 ||| INVOKING Brothers in Arms.
 18212 | Lair:3   | 18212 ||| INVOKING Berserk.
 18333 | Lair:3   | 18333 ||| INVOKING Berserk.
 18478 | Lair:3   | Found a staircase to the Shoals.
 18484 | Lair:3   | 18484 ||| INVOKING Berserk.
 18544 | Lair:3   | 18544 ||| INVOKING Berserk.
 18915 | Lair:4   | 18915 ||| Stepping ~*~*~tactically~*~*~ (stealth).
 18917 | Lair:4   | 18917 ||| Stepping ~*~*~tactically~*~*~ (stealth).
 18924 | Lair:4   | 18924 ||| Stepping ~*~*~tactically~*~*~ (stealth).
 19068 | Lair:4   | Found a staircase to the Slime Pits.
 19068 | Lair:4   | Found a viscous altar of Jiyva.
 19099 | Lair:4   | 19099 ||| Stepping ~*~*~tactically~*~*~ (stealth).
 19104 | Lair:4   | 19104 ||| INVOKING Berserk.
 19575 | Lair:4   | You fall into a shaft and drop 1 floor!
 19575 | Lair:5   | Entered Level 5 of the Lair of Beasts
 19581 | Lair:5   | Reached skill level 15 in Fighting
 19692 | Lair:5   | Found the +4 skin of Zhor {*Englaciate rC+++ SInv}
 19696 | Lair:5   | 19696 ||| INVOKING Berserk.
 19805 | Lair:5   | 19805 ||| READING 7 scrolls of identify.
 19805 | Lair:5   | 19805 ||| IDENTIFYING fizzy emerald potion
 19806 | Lair:5   | 19806 ||| READING 6 scrolls of identify.
 19806 | Lair:5   | 19806 ||| IDENTIFYING sapphire potion
 19807 | Lair:5   | 19807 ||| DROPPING potion of magic.
 19808 | Lair:5   | 19808 ||| READING 7 scrolls of teleportation.
 19817 | Lair:5   | 19817 ||| INVOKING Berserk.
 19960 | Lair:5   | 19960 ||| Stepping ~*~*~tactically~*~*~ (stealth).
 19972 | Lair:5   | 19972 ||| INVOKING Berserk.
 19993 | Lair:5   | 19993 ||| Stepping ~*~*~tactically~*~*~ (stealth).
 20001 | Lair:5   | 20001 ||| Stepping ~*~*~tactically~*~*~ (stealth).
 20025 | Lair:5   | 20025 ||| INVOKING Berserk.
 20049 | Lair:5   | 20049 ||| Stepping ~*~*~tactically~*~*~ (stealth).
 20054 | Lair:5   | 20054 ||| Stepping ~*~*~tactically~*~*~ (stealth).
 20092 | Lair:5   | 20092 ||| INVOKING Berserk.
 20105 | Lair:5   | 20105 ||| Stepping ~*~*~tactically~*~*~ (stealth).
 20106 | Lair:5   | 20106 ||| Stepping ~*~*~tactically~*~*~ (stealth).
 20218 | Lair:5   | 20218 ||| Stepping ~*~*~tactically~*~*~ (stealth).
 20220 | Lair:5   | 20220 ||| Stepping ~*~*~tactically~*~*~ (stealth).
 20225 | Lair:5   | 20225 ||| INVOKING Berserk.
 20230 | Lair:5   | Reached skill level 6 in Dodging
 20230 | Lair:5   | Reached XP level 14. HP: 135/135 MP: 13/13
 20320 | Lair:5   | 20320 ||| Stepping ~*~*~tactically~*~*~ (stealth).
 20328 | Lair:5   | 20328 ||| Stepping ~*~*~tactically~*~*~ (stealth).
 20329 | Lair:5   | 20329 ||| Stepping ~*~*~tactically~*~*~ (stealth).
 20520 | Lair:4   | 20520 ||| READING scroll of enchant weapon.
 20520 | Lair:4   | 20520 ||| ENCHANTING +1 broad axe of flaming.
 20843 | Lair:5   | 20843 ||| Stepping ~*~*~tactically~*~*~ (stealth).
 20844 | Lair:5   | 20844 ||| Stepping ~*~*~tactically~*~*~ (stealth).
 20897 | Lair:5   | 20897 ||| Stepping ~*~*~tactically~*~*~ (stealth).
 20903 | Lair:5   | 20903 ||| Stepping ~*~*~tactically~*~*~ (stealth).
 21067 | Lair:5   | 21067 ||| Stepping ~*~*~tactically~*~*~ (stealth).
 21069 | Lair:5   | 21069 ||| INVOKING Brothers in Arms.
 21071 | Lair:5   | 21071 ||| INVOKING Berserk.
 21289 | Lair:5   | Received a gift from Trog
 21375 | Lair:5   | 21375 ||| INVOKING Brothers in Arms.
 21376 | Lair:5   | 21376 ||| INVOKING Brothers in Arms.
 21378 | Lair:5   | 21378 ||| INVOKING Berserk.
 21473 | Lair:5   | 21473 ||| Stepping ~*~*~tactically~*~*~ (water).
 21475 | Lair:5   | 21475 ||| INVOKING Berserk.
 21598 | Lair:5   | 21598 ||| DROPPING +1 broad axe.
 21602 | Lair:5   | Identified the ring of Ixuman {rPois Str+4 Dex-4 Stlth+}
 21673 | Lair:5   | 21673 ||| INVOKING Berserk.
 21785 | Lair:5   | 21785 ||| INVOKING Berserk.
 21796 | Lair:5   | Reached skill level 15 in Armour
 21922 | Lair:5   | 21922 ||| PLANNING D
 21922 | Lair:5   | 21922 ||| UPGRADING to +0 plate armour of cold resistance.
 21932 | Lair:5   | 21932 ||| DROPPING +0 plate armour.
 21933 | Lair:5   | 21933 ||| UPGRADING to ring of willpower.
 22115 | D:12     | 22115 ||| Stepping ~*~*~tactically~*~*~ (hiding).
 22118 | D:12     | 22118 ||| Stepping ~*~*~tactically~*~*~ (hiding).
 22505 | D:12     | Identified the +5 hand axe of the Egg {vamp, rElec Int+3
                  | Dex+4}
 22651 | D:12     | Found a portal to a secret trove of treasure.
 22719 | D:13     | 22719 ||| READING scroll of enchant weapon.
 22719 | D:13     | 22719 ||| ENCHANTING +2 broad axe of flaming.
 22776 | D:13     | 22776 ||| Stepping ~*~*~tactically~*~*~ (hiding).
 22935 | D:13     | Identified the +1 ring mail "Vokkolia" {Dex+6}
 22936 | D:13     | Noticed Urug
 22944 | D:13     | 22944 ||| INVOKING Berserk.
 22952 | D:13     | Killed Urug
 22953 | D:13     | Found a gate to the Vaults.
 23197 | D:13     | 23197 ||| Stepping ~*~*~tactically~*~*~ (stealth).
 23203 | D:13     | 23203 ||| INVOKING Berserk.
 23280 | D:13     | Found a viscous altar of Jiyva.
 23372 | D:13     | 23372 ||| INVOKING Berserk.
 23501 | D:13     | 23501 ||| INVOKING Berserk.
 23767 | D:13     | 23767 ||| READING 6 scrolls of identify.
 23767 | D:13     | 23767 ||| IDENTIFYING fizzy orange potion
 23768 | D:13     | 23768 ||| DROPPING potion of berserk rage.
 23794 | D:14     | 23794 ||| INVOKING Trog's Hand.
 23800 | D:14     | Reached skill level 6 in Throwing
 23835 | D:14     | 23835 ||| INVOKING Berserk.
 24004 | D:14     | 24004 ||| Stepping ~*~*~tactically~*~*~ (stealth).
 24008 | D:14     | 24008 ||| INVOKING Berserk.
 24015 | D:14     | Reached XP level 15. HP: 147/147 MP: 14/14
 24211 | D:14     | 24211 ||| Stepping ~*~*~tactically~*~*~ (stealth).
 24213 | D:14     | 24213 ||| Stepping ~*~*~tactically~*~*~ (stealth).
 24216 | D:14     | 24216 ||| Stepping ~*~*~tactically~*~*~ (stealth).
 24219 | D:14     | Noticed Frances
 24227 | D:14     | 24227 ||| INVOKING Berserk.
 24237 | D:14     | Killed Frances
 24407 | D:14     | Found a burning altar of Makhleb.
 24683 | D:14     | 24683 ||| READING scroll labelled ENIUMA IRINT.
 24723 | D:14     | 24723 ||| DROPPING +0 club.
 24724 | D:14     | 24724 ||| READING 5 scrolls of identify.
 24724 | D:14     | 24724 ||| IDENTIFYING murky white potion
 24725 | D:14     | 24725 ||| DROPPING potion of invisibility.
 24751 | D:15     | Entered Level 15 of the Dungeon
 24787 | D:15     | 24787 ||| Stepping ~*~*~tactically~*~*~ (stealth).
 24838 | D:15     | 24838 ||| INVOKING Berserk.
 25033 | D:15     | 25033 ||| Stepping ~*~*~tactically~*~*~ (stealth).
 25188 | D:15     | 25188 ||| Stepping ~*~*~tactically~*~*~ (stealth).
 25434 | D:15     | 25434 ||| INVOKING Trog's Hand.
 25437 | D:15     | 25437 ||| INVOKING Berserk.
 25565 | D:15     | 25565 ||| Stepping ~*~*~tactically~*~*~ (stealth).
 25566 | D:15     | 25566 ||| Stepping ~*~*~tactically~*~*~ (stealth).
 25570 | D:15     | 25570 ||| FLEEEEING.
 25581 | D:15     | 25581 ||| INVOKING Berserk.
 25649 | D:15     | 25649 ||| FLEEEEING.
 25650 | D:15     | 25650 ||| FLEEEEING.
 25651 | D:15     | 25651 ||| FLEEEEING.
 25652 | D:15     | 25652 ||| FLEEEEING.
 25653 | D:15     | 25653 ||| FLEEEEING.
 25654 | D:15     | 25654 ||| FLEEEEING.
 25655 | D:15     | 25655 ||| FLEEEEING.
 25656 | D:15     | 25656 ||| FLEEEEING.
 25657 | D:15     | 25657 ||| FLEEEEING.
 25658 | D:15     | 25658 ||| FLEEEEING.
 25659 | D:15     | 25659 ||| FLEEEEING.
 25660 | D:15     | 25660 ||| FLEEEEING.
 25661 | D:15     | 25661 ||| FLEEEEING.
 25668 | D:15     | 25668 ||| FLEEEEING.
 25669 | D:15     | 25669 ||| FLEEEEING.
 25670 | D:15     | 25670 ||| FLEEEEING.
 25671 | D:15     | 25671 ||| FLEEEEING.
 25672 | D:15     | 25672 ||| FLEEEEING.
 25673 | D:15     | 25673 ||| FLEEEEING.
 25674 | D:15     | 25674 ||| FLEEEEING.
 25675 | D:15     | 25675 ||| FLEEEEING.
 25676 | D:15     | 25676 ||| FLEEEEING.
 25677 | D:15     | 25677 ||| FLEEEEING.
 25678 | D:15     | 25678 ||| FLEEEEING.
 25679 | D:15     | 25679 ||| FLEEEEING.
 25680 | D:15     | 25680 ||| FLEEEEING.
 25681 | D:15     | 25681 ||| FLEEEEING.
 25682 | D:15     | 25682 ||| FLEEEEING.
 25683 | D:15     | 25683 ||| FLEEEEING.
 25684 | D:15     | 25684 ||| FLEEEEING.
 25685 | D:15     | 25685 ||| STAIRDANCE
 25748 | D:14     | 25748 ||| DROPPING ring of flight.
 25751 | D:15     | 25751 ||| STAIRDANCE
 25753 | D:14     | 25753 ||| SWAPPING to +0 whip.
 25754 | D:14     | 25754 ||| INVOKING Berserk.
 25851 | D:14     | 25851 ||| SWAPPING to +3 broad axe of chaos.
 25854 | D:15     | 25854 ||| STAIRDANCE
 25870 | D:15     | 25870 ||| STAIRDANCE
 25991 | D:15     | Reached skill level 18 in Fighting
 26010 | D:15     | Found a staircase to the Depths.
 26205 | D:15     | 26205 ||| Stepping ~*~*~tactically~*~*~ (hiding).
 26271 | D:15     | Found Suown's General Store.
 26279 | D:15     | 26279 ||| BUYING scroll of identify (32 gold).
 26279 | D:15     | Bought a scroll of identify for 32 gold pieces
 26420 | D:15     | 26420 ||| PLANNING ORC
 26504 | Orc:1    | Entered Level 1 of the Orcish Mines
 26505 | Orc:1    | 26505 ||| INVOKING Trog's Hand.
 26511 | Orc:1    | 26511 ||| INVOKING Berserk.
 26684 | Orc:1    | 26684 ||| DROPPING +0 whip.
 26775 | Orc:2    | Entered Level 2 of the Orcish Mines
 26807 | Orc:2    | Found a staircase to the Elven Halls.
 26997 | Orc:2    | 26997 ||| FLEEEEING.
 26998 | Orc:2    | 26998 ||| FLEEEEING.
 26999 | Orc:2    | 26999 ||| FLEEEEING.
 27000 | Orc:2    | 27000 ||| FLEEEEING.
 27002 | Orc:2    | 27002 ||| Stepping ~*~*~tactically~*~*~ (hiding).
 27005 | Orc:2    | 27005 ||| INVOKING Berserk.
 27032 | Orc:2    | 27032 ||| Stepping ~*~*~tactically~*~*~ (stealth).
 27069 | Orc:2    | 27069 ||| INVOKING Berserk.
 27095 | Orc:2    | 27095 ||| INVOKING Brothers in Arms.
 27095 | Orc:2    | Noticed an orc warlord
 27104 | Orc:2    | 27104 ||| INVOKING Brothers in Arms.
 27105 | Orc:2    | 27105 ||| INVOKING Brothers in Arms.
 27107 | Orc:2    | Killed an orc warlord
 27249 | Orc:2    | 27249 ||| DROPPING +0 flail.
 27252 | Orc:2    | 27252 ||| DROPPING +2 flail of protection.
 27258 | Orc:2    | Found Duoloej's Antique Armour Emporium.
 27261 | Orc:2    | Found Ygafaf's Antique Weapon Shoppe.
 27268 | Orc:2    | 27268 ||| BUYING runed plate armour (598 gold).
 27268 | Orc:2    | Bought a runed plate armour for 598 gold pieces
 27319 | Orc:2    | Noticed an orc warlord
 27321 | Orc:2    | 27321 ||| INVOKING Trog's Hand.
 27326 | Orc:2    | 27326 ||| INVOKING Berserk.
 27336 | Orc:2    | Killed an orc warlord
 27363 | Orc:2    | 27363 ||| INVOKING Trog's Hand.
 27379 | Orc:2    | 27379 ||| FLEEEEING.
 27417 | Orc:2    | 27417 ||| Stepping ~*~*~tactically~*~*~ (stealth).
 27452 | Orc:2    | Found Eschipn's Armour Shop.
 27460 | Orc:2    | 27460 ||| BUYING +10 plate armour of ponderousness (600
                  | gold).
 27460 | Orc:2    | Bought a +10 plate armour of ponderousness for 600 gold
                  | pieces
 27481 | Orc:2    | 27481 ||| Stepping ~*~*~tactically~*~*~ (hiding).
 27584 | Orc:2    | 27584 ||| Stepping ~*~*~tactically~*~*~ (hiding).
 27585 | Orc:2    | 27585 ||| Stepping ~*~*~tactically~*~*~ (hiding).
 27725 | Orc:2    | 27725 ||| INVOKING Berserk.
 27730 | Orc:2    | Lost intelligence.
 27731 | Orc:2    | Gained mutation: You occasionally shout uncontrollably at
                  | your foes. [a neqoxec]
 27790 | Orc:2    | Found Irphiap's Magic Scroll Boutique.
 27808 | Orc:2    | 27808 ||| BUYING scroll of brand weapon (142 gold).
 27808 | Orc:2    | Bought a scroll of brand weapon for 142 gold pieces
 27808 | Orc:2    | 27808 ||| BUYING scroll of identify (30 gold).
 27808 | Orc:2    | Bought a scroll of identify for 30 gold pieces
 27808 | Orc:2    | 27808 ||| BUYING scroll of identify (30 gold).
 27808 | Orc:2    | Bought a scroll of identify for 30 gold pieces
 27808 | Orc:2    | 27808 ||| BUYING scroll of identify (30 gold).
 27808 | Orc:2    | Bought a scroll of identify for 30 gold pieces
 27902 | Orc:2    | 27902 ||| Stepping ~*~*~tactically~*~*~ (stealth).
 28123 | Orc:2    | 28123 ||| DROPPING +0 fire dragon scales.
 28124 | Orc:2    | 28124 ||| UPGRADING to +3 plate armour of fire resistance.
 28134 | Orc:2    | 28134 ||| DROPPING +0 plate armour of cold resistance.
 28135 | Orc:2    | 28135 ||| DROPPING +2 plate armour of fire resistance.
 28136 | Orc:2    | 28136 ||| UPGRADING to ring of protection from cold.
 28236 | Orc:1    | 28236 ||| INVOKING Berserk.
 28527 | Orc:1    | 28527 ||| READING scroll of brand weapon.
 28527 | Orc:1    | 28527 ||| BRANDING +3 broad axe of chaos.
 28528 | Orc:1    | 28528 ||| DROPPING +0 morningstar.
 28541 | Orc:1    | 28541 ||| PLANNING SNAKE:1-3
 28687 | Snake:1  | Entered Level 1 of the Snake Pit
 28823 | Snake:1  | 28823 ||| INVOKING Berserk.
 28826 | Snake:1  | Reached XP level 16. HP: 100/157 MP: 15/15
 29262 | Snake:1  | 29262 ||| Stepping ~*~*~tactically~*~*~ (stealth).
 29269 | Snake:1  | 29269 ||| Stepping ~*~*~tactically~*~*~ (stealth).
 29271 | Snake:1  | 29271 ||| Stepping ~*~*~tactically~*~*~ (hiding).
 29690 | Snake:1  | Found the +9 scales of the Dragon King {rPois rF+ rC+
                  | Will+}
 30285 | Snake:1  | 30285 ||| UPGRADING to +9 scales of the Dragon King {rPois
                  | rF+ rC+ Will+}.
 30295 | Snake:1  | 30295 ||| DROPPING +3 plate armour of fire resistance.
 30296 | Snake:1  | 30296 ||| DROPPING +10 plate armour of ponderousness.
 30405 | Snake:2  | 30405 ||| Stepping ~*~*~tactically~*~*~ (hiding).
 30434 | Snake:2  | 30434 ||| Stepping ~*~*~tactically~*~*~ (hiding).
 30451 | Snake:2  | 30451 ||| INVOKING Berserk.
 30459 | Snake:2  | HP: 55/238 [shock serpent/electric aura (7)]
 30459 | Snake:2  | HP: 10/238 [shock serpent/bolt of electricity (25)]
 30469 | Snake:2  | HP: 4/238 [salamander/+0 spear (3)]
 30469 | Snake:2  | Slain by a salamander

Levels and vault maps discovered:
D:1:      dpeg_arrival_short_road, layout_rooms,
          hellmonk_ecumenical_altar_zigzags
D:2:      layout_rooms, serial_shops, nicolae_shop_bloodbath_and_beyond,
          uniq_natasha
D:3:      layout_basic, jmf_multi_god_temple2, minmay_unequal
D:4:      layout_basic, zin_angel, lemuel_zombie_altar_yredelemnul,
          lemuel_temple_firewalk_a, serial_demonic, serial_demonic_f,
          serial_demonic_f, serial_demonic_g, serial_demonic_g,
          serial_demonic_g, serial_demonic_e, st_stairs_8
D:5:      layout_loops_ring, old_standard_altar,
          mainiacjoe_overflow_surrounded_room, serial_shops,
          nicolae_shop_window_shopping, nicolae_shop_clearance
D:6:      layout_loops_ring, fedhas_altar_4, biasface_ghost_orc_armoury
D:7:      minmay_octagon_keep, layout_cave_pools, serial_shops,
          nicolae_shop_advertising_works [nicolae_subvault_shop_adworks],
          nicolae_elevator_lobby_asterisk
D:8:      layout_cave_pools, mainiacjoe_overflow_cross_hatched, enter_bailey_2,
          serial_gnoll_camp, gnoll_camp_huts_moat, gnoll_camp_medium_01,
          gnoll_camp_mini_sergeant, gnoll_camp_mini_basic,
          minmay_misc_feat_rugged, uniq_grum, uniq_maggie
D:9:      layout_basic, mainiacjoe_overflow_alcove_1, serial_shops,
          nicolae_take_the_stairs, lemuel_flame_loot_1
D:10:     minmay_general_purpose_star, layout_irregular_city,
          nicolae_qazlal_style_of_elements, kennysheep_little_box,
          hellmonk_scale_shop
D:11:     layout_loops_corners, dpeg_lair_monsters,
          kennysheep_orc_monster_closet_entryway, uniq_sonja
D:12:     layout_cave_pools, nicolae_trove_entry_diagonal,
          nrook_guardian_serpent_ordinary
D:13:     layout_basic, david_vaults_3, jiyva_altar_1
D:14:     layout_big_octagon, hangedman_abyss_or_decor_jellyfish_corner,
          makhleb_altar_promises_db, uniq_frances
D:15:     grunt_enter_depths_magical_seal, layout_loops_ring, serial_shops,
          shop, serial_park_tiny_pond, onia_ninara_cookie
Lair:1:   layout_misc_corridors, grunt_megastairs_3
Lair:2:   layout_gridlike, minmay_snake_entry_guardpost_large
Lair:3:   layout_regular_city, minmay_shoals_entry_beasts,
          gammafunk_ghost_necromancy, kilobyte_rumbling_trees,
          infiniplex_staircase_pool, grunt_megastairs_4
Lair:4:   layout_misc_corridors, minmay_slime_entry_pillars
Lair:5:   minmay_lair_end_frog_pond, layout_small_grid,
          hellmonk_guarded_unrand_zhor, lemuel_fruit_tree
Snake:1:  layout_cave_pods
Snake:2:  layout_misc_corridors, nicolae_snake_bzzzt, uniq_vashnia, uniq_kirke
Orc:1:    layout_diamond_mine, mines5_lemuel
Orc:2:    grunt_orc_community_town_hall, layout_caves,
          grunt_orc_community_big_house_1, grunt_orc_community_big_house_1,
          grunt_orc_community_house_3, grunt_orc_community_house_2,
          grunt_orc_community_house_2, grunt_orc_community_house_2,
          grunt_orc_community_house_1, grunt_orc_community_house_1, basic_altar

Skill      XL: |  1  2  3  4  5  6  7  8  9 10 11 12 13 14 15 |
---------------+----------------------------------------------+-----
Axes           | 4 5 6 7 8 10 12 14 16 18 | 18.1
Armour         | 3 5 6 7 9 10 12 14 15 17 | 17.7
Fighting       | 5 6 8 9 11 12 15 17 18 | 18.5
Throwing       | 2 3 6 8 |  8.8
Dodging        | 3 4 6 8 |  8.0
Shields        | 1 8 9 10 11 | 11.0

Action                   |  1- 3 |  4- 6 |  7- 9 | 10-12 | 13-15 | 16-18 || total
-------------------------+-------+-------+-------+-------+-------+-------++-------
Melee: Hand axe          |    65 |    60 |       |       |       |       ||   125
       Headbutt          |    11 |    21 |    36 |    81 |   196 |    17 ||   362
       War axe           |       |    43 |   251 |    41 |       |       ||   335
       Punch             |       |       |     1 |     2 |       |       ||     3
       Broad axe         |       |       |       |   404 |   929 |    94 ||  1427
       Whip              |       |       |       |       |    10 |       ||    10
Throw: Boomerang         |       |    24 |    31 |   120 |   174 |     6 ||   355
       Javelin           |       |       |       |       |    46 |       ||    46
Invok: Berserk           |     1 |     5 |     8 |    22 |    39 |     1 ||    76
       Brothers in Arms  |       |       |       |     2 |     7 |       ||     9
       Trog's Hand       |       |       |       |       |     5 |       ||     5
  Use: Scroll            |     4 |     5 |     4 |    11 |    10 |       ||    34
       Potion            |     1 |     4 |     1 |     2 |       |       ||     8
 Stab: Petrifying        |       |       |       |       |     1 |       ||     1
       Paralysed         |       |       |       |       |     1 |       ||     1
Armor: Animal skin       |     3 |       |       |       |       |       ||     3
       Plate armour      |    20 |    52 |   183 |   245 |   350 |    14 ||   864
       Gold dragon scale |       |       |       |       |       |    28 ||    28
Dodge: Dodged            |    28 |    30 |   103 |   210 |   356 |    37 ||   764
Block: Buckler           |       |       |       |    18 |   193 |    18 ||   229

Table legend:
 A = Non-vault XP
 B = Vault XP
 C = Vault XP percentage of total XP
 D = Non-vault monster count
 E = Vault monster count
 F = Vault count percentage of total count
                 A         B        C        D         E       F
            +---------+---------+-------+---------+---------+-------
      Total |  111481 |   55486 |  33.2 |     529 |     306 |  36.6
            +---------+---------+-------+---------+---------+-------
        D:1 |      35 |       0 |   0.0 |      17 |       0 |   0.0
        D:2 |      30 |      36 |  54.5 |      11 |       1 |   8.3
        D:3 |      98 |      10 |   9.3 |      17 |       5 |  22.7
        D:4 |     371 |     104 |  21.9 |      19 |      11 |  36.7
        D:5 |     750 |       0 |   0.0 |      23 |       0 |   0.0
        D:6 |    1279 |       0 |   0.0 |      27 |       0 |   0.0
        D:7 |    1456 |     812 |  35.8 |      31 |       9 |  22.5
        D:8 |    1699 |    1822 |  51.7 |      32 |      48 |  60.0
        D:9 |    3027 |       0 |   0.0 |      13 |       0 |   0.0
       D:10 |    2877 |     434 |  13.1 |      18 |       3 |  14.3
       D:11 |    2340 |    4504 |  65.8 |      12 |      32 |  72.7
       D:12 |    3761 |     457 |  10.8 |      15 |       1 |   6.2
       D:13 |    7253 |    6825 |  48.5 |      17 |      24 |  58.5
       D:14 |   13681 |    1457 |   9.6 |      20 |       1 |   4.8
       D:15 |    7130 |   11809 |  62.4 |      14 |      24 |  63.2
     Lair:1 |   11729 |     682 |   5.5 |      30 |       2 |   6.2
     Lair:2 |    6437 |     483 |   7.0 |      23 |       3 |  11.5
     Lair:3 |   10470 |    1927 |  15.5 |      27 |       9 |  25.0
     Lair:4 |    2818 |     628 |  18.2 |      13 |       4 |  23.5
     Lair:5 |   11565 |   13217 |  53.3 |      37 |      43 |  53.8
    Snake:1 |    6507 |       0 |   0.0 |      16 |       0 |   0.0
    Snake:2 |    8009 |       0 |   0.0 |      16 |       0 |   0.0
      Orc:1 |    3439 |    1232 |  26.4 |      52 |      10 |  16.1
      Orc:2 |    4720 |    9047 |  65.7 |      29 |      76 |  72.4
            +---------+---------+-------+---------+---------+-------
